 Dungeon Crawl Stone Soup version 0.29-a0-847-g24c0ca63c9 (webtiles) character file.

Game seed: 12084595550133300120

16 Malachi the Chopper (level 2, -2/25 HPs)
             Began as a Palentonga Fighter on July 16, 2022.
             Succumbed to a kobold's poison
             ... on level 1 of the Dungeon.
             The game lasted 00:00:29 (299 turns).

Malachi the Chopper (Palentonga Fighter)             Turns: 299, Time: 00:00:29

Health: -2/25      AC:  7    Str: 19    XL:     2   Next: 41%
Magic:  2/2        EV:  7    Int:  8    God:
Gold:   38         SH:  4    Dex:  9    Spells: 1/1 levels left

rFire   . . .      SeeInvis +   a - +0 war axe
rCold   . . .      Faith    .   c - +0 buckler
rNeg    . . .      Spirit   .   b - +0 scale mail
rPois   .          Reflect  .   (no helmet)
rElec   .          Harm     .   i - +0 cloak
rCorr   .          Rampage  .   (no gloves)
Will    .....                   (no barding)
Stlth   ..........              (no amulet)
HPRegen 0.08/turn               (no ring)
MPRegen 0.08/turn               (no ring)

@: lethally poisoned (-2 -> -26)
A: large, rugged brown scales 3, see invisible, deformed body, roll 1, armoured
tail
a: Rolling Charge


You were on level 1 of the Dungeon.
You visited 1 branch of the dungeon, and saw 1 of its levels.

You collected 38 gold pieces.

Inventory:

Hand Weapons
 a - a +0 war axe (weapon)
Armour
 b - a +0 scale mail (worn)
 c - a +0 buckler (worn)
 i - a +0 cloak (worn)
Scrolls
 e - a scroll of brand weapon {unknown}
 f - a scroll of blinking {unknown}
 g - a scroll of identify {unknown}
Potions
 d - a potion of might
 h - a potion of flight {unknown}


   Skills:
 - Level 3.0 Fighting
 * Level 3.1 Axes
 - Level 2.4 Armour
 - Level 2.6 Shields


You had one spell level left.
You didn't know any spells.
Your spell library was empty.

Dungeon Overview and Level Annotations

Branches:
Dungeon (1/15)

Altars:


Innate Abilities, Weirdness & Mutations

You are completely covered in rugged brown scales. (AC +3, +7% HP)
You have supernaturally acute eyesight. (SInv)
Armour fits poorly on your strangely shaped body.
You can roll at nearby foes to attack.
You have a long armoured tail.


Message History

You finish putting on your +0 cloak.
A kobold comes into view.
It is wielding a +1 short sword of venom.
The kobold shouts!
A ball python comes into view.
There are monsters nearby!
There are monsters nearby!
There are monsters nearby!
There are monsters nearby!
The kobold hits you with a +1 short sword of venom.
You are poisoned.
You hit the kobold.
The kobold is severely wounded.
You feel very sick.
The kobold hits you with a +1 short sword of venom.
You are more poisoned.
The ball python barely misses you.
You closely miss the kobold.
The kobold is severely wounded.
You hit the ball python.
You feel very sick. The ball python completely misses you.
The kobold hits you but does no damage.
You are lethally poisoned!
The ball python bites you but does no damage.
The kobold hits you with a +1 short sword of venom.
You are more poisoned.
You are too injured to fight recklessly!
You are too injured to fight recklessly!
You are too injured to fight recklessly!
Unknown command.
You are too injured to fight recklessly!
Unknown command.
You are too injured to fight recklessly!
Unknown command.
You slash the ball python!
You kill the ball python!
You barely miss the kobold.
* * * LOW HITPOINT WARNING * * *
You feel extremely sick. The kobold hits you but does no damage.
You die...

#...# . ###...# .
#.....# . #.....# .
#.....# ## #....####.
#....# #..## #....#
#..##
######....#####K@##
.............##8.8##...
.....†..................
.#####....##############
#######
.#.................#
#......
.####.###########..#
######..###. .####.#
##..# #....#..#..#
......# #...#
#.<..'..#..+ ####### ###
#...# #....#..####


You could see a kobold.

Vanquished Creatures
  2 dart slugs (D:1)
  A bat (D:1)
  A giant cockroach (D:1)
  2 hobgoblins (D:1)
  A kobold (D:1)
  2 ball pythons (D:1)
  4 frilled lizards (D:1)
13 creatures vanquished.

Notes
Turn   | Place    | Note
-------+----------+-------------------------------------------
     0 | D:1      | Malachi the Palentonga Fighter began the quest for the Orb.
     0 | D:1      | Reached XP level 1. HP: 19/19 MP: 1/1
   114 | D:1      | Reached XP level 2. HP: 25/25 MP: 2/2
   299 | D:1      | Succumbed to a kobold's poison

Illustrated notes

Levels and vault maps discovered:
D:1:      dpeg_arrival_erosion, layout_basic, shapermc_ecumenical_altar_petra

Skill      XL: |  1  2 |
---------------+-------+-----
Axes           | 3 |  3.1
Fighting       | |  3.0
Armour         | |  2.4
Shields        | |  2.6

Action                   || total
-------------------------++-------
Melee: War axe           ||    33
       Tailslap          ||     1
Armor: Scale mail        ||    20
Dodge: Dodged            ||    12
Block: Buckler           ||     6

Table legend: (Time is in decaauts)
 A = Elapsed time spent in this place.
 B = Non-inter-level travel time spent in this place.
 C = Inter-level travel time spent in this place.
 D = Time resting spent in this place.
 E = Time spent auto-exploring this place.
 F = Levels seen in this place.
 G = Mean time per level.
                   A        B        C        D        E       F      G
               +--------+--------+--------+--------+--------+-----+--------+
         Total |    312 |    312 |      0 |      0 |    219 |   1 |  312.0 |
       Dungeon |    312 |    312 |      0 |      0 |    219 |   1 |  312.0 |
               +--------+--------+--------+--------+--------+-----+--------+

Top non-repeatable levels by time:
     D:1: 312 daAuts
